Map: King's Cove LE

Players

Serral

  • Race: Zerg Zerg
  • League: Grandmaster
  • Spawn Location: 11:00

llllllllllll (Oliveira) - Winner!

  • Race: Terran Terran
  • League: Master
  • Spawn Location: 5:00

Event: 2019 Assembly Summer

VOD

Have the link to the VOD?

Description

Time

  • Played on: Aug. 3, 2019, 9:08 a.m.
  • Length: 15:26

All games in this series

Show
View Real Time Build Order
Export as new Build Order

Serral Zerg 

Build Orders: Hatch First, Brood Lord Corruptor 

Get SALT Encoding   

  12  0:00  Drone  
  13  0:12  Overlord  
  13  0:17  Drone  
  14  0:31  Drone x2  
  16  0:48  Hatchery  
  15  0:52  Drone  
  15  0:56  Drone  
  17  0:59  Drone  
  18  1:10  Extractor  
  17  1:15  Spawning Pool  
  17  1:18  Drone  
  17  1:21  Drone  
  18  1:28  Drone  
  19  1:39  Drone  
  20  1:58  Overlord  
  20  2:01  Queen x2  
  20  2:02  Zergling x4  
  26  2:12  Drone x2, Metabolic Boost  
  28  2:23  Drone  
  28  2:24  Drone  
  30  2:37  Hatchery  
  30  2:41  Drone  
  30  2:47  Queen  
  32  2:51  Overlord  
  32  2:54  Drone  
  32  2:57  Drone  
  34  2:59  Drone  
  34  3:01  Drone  
  36  3:10  Drone x2  
  36  3:11  Overlord  
  38  3:13  Drone  
  38  3:15  Drone  
  38  3:17  Drone  
  38  3:19  Drone  
  42  3:24  Queen  
  44  3:31  Overlord  
  44  3:33  Zergling x2  
  45  3:37  Zergling x2  
  45  3:39  Zergling x2  
  47  3:44  Drone x3  
  50  3:49  Queen, Zergling x2  
  50  3:51  Drone  
  50  3:55  Drone  
  55  3:56  Drone  
  55  3:57  Baneling Nest  
  55  3:58  Zergling x2  
  55  4:02  Queen  
  56  4:06  Drone x2  
  60  4:10  Overlord  
  60  4:13  Overlord  
  60  4:16  Zergling x4  
  62  4:20  Drone x2  
  62  4:22  Drone x2  
  65  4:28  Spore Crawler  
  64  4:31  Overlord  
  64  4:32  Spore Crawler  
  64  4:35  Overlord, Zergling x2  
  64  4:36  Drone  
  64  4:37  Drone  
  66  4:39  Drone  
  66  4:42  Lair  
  66  4:44  Drone  
  68  4:48  Drone  
  68  4:49  Drone x2  
  68  4:52  Queen  
  73  4:55  Extractor  
  73  4:56  Extractor  
  73  4:57  Drone x3  
  74  5:03  Drone x2  
  74  5:05  Drone x2  
  78  5:07  Zergling x2  
  78  5:08  Zergling x2  
  78  5:11  Drone x2  
  82  5:18  Drone x4  
  82  5:19  Drone  
  82  5:23  Zergling x6  
  82  5:24  Zergling x2  
  84  5:33  Drone x5  
  87  5:37  Extractor  
  87  5:38  Extractor  
  87  5:40  Drone, Evolution Chamber  
  85  5:43  Centrifical Hooks, Evolution Chamber  
  85  5:45  Hatchery  
  85  5:47  Drone x3  
  85  5:53  Overseer  
  85  5:56  Overlord  
  85  6:01  Drone x4  
  85  6:02  Overlord x3  
  85  6:03  Extractor  
  88  6:08  Overlord  
  88  6:09  Baneling x3  
  88  6:10  Baneling x2, Zerg Melee Weapons Level 1  
  88  6:11  Zerg Ground Armor Level 1  
  88  6:15  Zergling x8  
  88  6:17  Baneling  
  92  6:20  Overlord  
  92  6:27  Hydralisk Den  
  92  6:28  Zergling x14  
  98  6:40  Zergling x12  
  98  6:44  Drone  
  98  6:46  Infestation Pit  
  104  6:54  Zergling x12  
  104  6:58  Muscular Augments, Queen  
  104  7:00  Drone x3  
  104  7:01  Drone x3  
  118  7:12  Drone x5  
  123  7:16  Baneling  
  123  7:17  Baneling x5  
  123  7:22  Hatchery, Drone x4  
  118  7:37  Drone x3  
  120  7:50  Drone x4  
  123  7:51  Hydralisk  
  123  7:52  Hydralisk x7, Extractor  
  123  7:57  Overseer  
  136  8:00  Hive  
  136  8:06  Overlord x5  
  136  8:07  Spire  
  136  8:09  Grooved Spines  
  135  8:13  Zerg Melee Weapons Level 2, Zerg Ground Armor Level 2  
  135  8:25  Hydralisk  
  135  8:26  Hydralisk x6  
  147  8:34  Baneling  
  147  8:35  Baneling x2  
  147  8:40  Hydralisk x2  
  147  8:41  Zergling x22  
  162  8:47  Queen  
  164  8:51  Drone x3, Extractor  
  164  8:55  Overlord x2  
  166  8:59  Zergling x18  
  174  9:12  Viper x2  
  174  9:13  Viper  
  183  9:25  Greater Spire  
  183  9:26  Drone x3  
  183  9:27  Overlord  
  183  9:28  Overseer  
  185  9:31  Overlord, Extractor  
  185  9:34  Spore Crawler, Drone x2, Extractor  
  185  9:35  Overlord  
  185  9:36  Pneumatized Carapace  
  184  9:44  Spore Crawler, Overlord x2  
  183  9:50  Corruptor x2  
  183  9:51  Corruptor x6  
  199  9:57  Spore Crawler  
  198  10:05  Burrow  
  198  10:14  Overlord  
  198  10:18  Overseer  
  188  10:35  Spore Crawler  
  187  10:37  Spore Crawler x2, Brood Lord x6  
  187  10:38  Spore Crawler x2, Brood Lord  
  187  10:41  Brood Lord  
  204  10:48  Overlord  
  204  10:49  Overlord  
  204  10:51  Zerg Flyer Weapons Level 1  
  204  11:07  Zerg Melee Weapons Level 3  
  204  11:08  Zerg Ground Armor Level 3  
  203  11:13  Baneling x10  
  192  11:44  Corruptor x2  
  192  11:45  Corruptor x2  
  192  11:48  Zergling x16  
  198  12:00  Zergling x22  
  179  12:11  Zergling x10  
  179  12:12  Zergling x14  
  179  12:15  Hatchery  
  166  12:23  Drone, Extractor  
  166  12:24  Drone x5, Extractor  
  166  12:27  Baneling x10  
  166  12:29  Corruptor x5  
  170  12:32  Brood Lord x3  
  170  12:33  Brood Lord  
  170  12:34  Baneling x10  
  188  12:45  Drone x6  
  188  12:47  Hatchery  
  188  12:50  Drone x2  
  185  13:07  Drone x7  
  185  13:10  Baneling x11  
  192  13:14  Zergling x2  
  192  13:23  Zergling x8  
  121  13:35  Queen x2  
  121  13:41  Queen x3  
  120  13:50  Hydralisk x6  
  132  13:58  Hydralisk x3  
  132  13:59  Hydralisk  
  134  14:14  Hydralisk x3, Baneling x10  
  134  14:15  Zergling x10  
  145  14:23  Hydralisk x2  
  145  14:24  Zergling x6  
  152  14:33  Infestor x3  
  158  14:45  Corruptor x3  
  160  14:47  Corruptor  
  166  14:59  Hydralisk  
  142  15:00  Hydralisk, Zergling x10  
  142  15:01  Zergling x6  
  144  15:07  Zergling x10  
Show
View Real Time Build Order
Export as new Build Order

llllllllllll Terran - Winner!

Build Orders: Liberator Opening, Reaper Expand 

Get SALT Encoding   

  12  0:00  SCV  
  13  0:13  SCV  
  14  0:18  Supply Depot  
  14  0:25  SCV  
  15  0:40  Barracks, SCV  
  16  0:45  Refinery  
  16  0:52  SCV  
  17  1:04  SCV  
  18  1:16  SCV  
  19  1:28  Orbital Command  
  19  1:29  Reaper  
  20  1:43  Command Center  
  20  1:51  Supply Depot  
  20  1:55  SCV  
  20  2:00  Marine  
  22  2:07  SCV  
  23  2:11  Factory  
  23  2:17  Refinery  
  23  2:19  SCV  
  24  2:24  Barracks Reactor  
  24  2:31  SCV  
  25  2:43  SCV  
  26  2:55  Starport, SCV  
  26  2:56  Orbital Command  
  29  3:06  Hellion x2  
  29  3:08  Marine, SCV  
  33  3:16  Liberator  
  33  3:21  SCV  
  37  3:27  Hellion x2  
  37  3:30  Supply Depot  
  41  3:35  SCV  
  41  3:38  Marine  
  41  3:39  SCV  
  44  3:47  SCV  
  45  3:51  Hellion x2  
  45  3:53  Supply Depot  
  45  3:54  SCV  
  50  3:59  Liberator, SCV  
  51  4:06  SCV  
  52  4:14  Hellion x2  
  59  4:17  Supply Depot  
  59  4:23  SCV  
  60  4:28  SCV  
  61  4:33  Barracks Tech Lab  
  61  4:35  Command Center, SCV  
  62  4:40  SCV  
  63  4:47  SCV  
  64  4:53  Factory Tech Lab, SCV  
  64  4:59  SCV  
  66  5:01  Starport Reactor  
  66  5:05  SCV  
  67  5:07  Marine  
  67  5:08  Stimpack  
  67  5:11  SCV  
  67  5:12  Barracks  
  69  5:15  Barracks  
  57  5:27  SCV  
  57  5:28  SCV  
  58  5:30  Marine  
  58  5:31  Engineering Bay x2, Refinery  
  58  5:32  Siege Tank, Refinery  
  57  5:39  SCV  
  57  5:40  SCV  
  56  5:46  Starport Reactor  
  56  5:48  Marine  
  57  5:51  SCV  
  57  5:53  Orbital Command, SCV  
  59  5:57  Terran Infantry Armor Level 1, Terran Infantry Weapons Level 1  
  59  5:59  Marine x2  
  59  6:03  SCV  
  62  6:05  SCV  
  62  6:06  Siege Tank  
  62  6:07  Barracks x2  
  62  6:08  Marine  
  62  6:11  Marine x2  
  67  6:15  SCV  
  67  6:17  Marine, SCV  
  67  6:18  Supply Depot  
  72  6:19  Marine  
  72  6:22  Orbital Command  
  73  6:26  Marine, Medivac x2  
  73  6:27  SCV  
  73  6:29  Marine x2, SCV  
  82  6:34  Marine  
  82  6:36  Supply Depot  
  82  6:37  Supply Depot  
  87  6:40  Siege Tank, SCV  
  87  6:41  SCV  
  87  6:42  Marine  
  87  6:44  Marine  
  90  6:47  SCV  
  90  6:49  Marine  
  90  6:50  Marine  
  93  6:57  SCV x2  
  93  6:58  Barracks Reactor  
  93  6:59  Barracks Reactor, SCV  
  93  7:00  Supply Depot x2  
  96  7:08  Command Center  
  96  7:09  Marine, SCV  
  96  7:10  SCV  
  96  7:11  Marine x2  
  96  7:13  Medivac  
  103  7:17  Medivac  
  103  7:19  Siege Tank  
  103  7:20  SCV  
  103  7:21  SCV  
  110  7:24  Marine  
  110  7:25  Refinery  
  110  7:26  Refinery  
  110  7:29  Marine  
  111  7:33  Marine  
  111  7:34  Marine  
  111  7:36  SCV  
  113  7:38  SCV  
  113  7:39  SCV  
  113  7:40  Marine x2  
  113  7:41  Marine  
  113  7:42  Marine  
  113  7:43  Armory  
  119  7:45  Marine  
  119  7:48  Marine  
  119  7:49  Marine  
  125  7:51  Siege Tank  
  125  7:54  Marine  
  125  7:55  Medivac x2  
  125  8:00  Supply Depot  
  125  8:01  Supply Depot  
  125  8:10  Factory  
  125  8:19  Marine x6  
  125  8:20  SCV x3  
  125  8:25  Marine  
  125  8:27  Siege Tank  
  138  8:29  Marine  
  138  8:31  Terran Infantry Armor Level 2  
  138  8:32  Marine, SCV  
  141  8:37  Marine, Barracks  
  141  8:39  Barracks x2  
  141  8:41  Marine x5  
  141  8:42  Marine  
  141  8:43  SCV x2  
  141  8:46  Planetary Fortress  
  141  8:47  Marine  
  149  8:49  SCV  
  149  8:52  Terran Infantry Weapons Level 2  
  149  8:53  Viking x2  
  149  8:55  SCV  
  155  8:56  SCV  
  155  8:58  Supply Depot  
  155  9:00  Supply Depot  
  156  9:07  Terran Vehicle Weapons Level 1, Factory Tech Lab  
  156  9:12  Sensor Tower  
  156  9:19  Combat Shield  
  156  9:20  Marine, SCV  
  156  9:21  Supply Depot  
  156  9:22  Command Center  
  158  9:28  Barracks Tech Lab  
  158  9:29  Marine x2, Barracks Tech Lab  
  158  9:31  SCV x2  
  158  9:34  Marine  
  158  9:35  Marine  
  160  9:43  Marine x2  
  161  9:51  Starport x2, Fusion Core  
  161  9:53  Marine  
  161  9:54  Barracks Tech Lab  
  161  9:55  Marine x2, Command Center  
  161  9:56  Command Center  
  164  10:03  Viking x2  
  168  10:08  Refinery x2  
  168  10:13  Missile Turret  
  168  10:19  Marine x3  
  168  10:20  Marauder x2  
  175  10:27  Marine  
  175  10:28  Marine, Marauder  
  172  10:31  Starport Tech Lab  
  172  10:32  Starport Reactor  
  172  10:36  Liberator, Viking x2  
  172  10:40  Planetary Fortress  
  176  10:49  Terran Infantry Armor Level 3  
  176  10:53  Advanced Ballistics, Ghost Academy  
  179  11:02  Missile Turret  
  179  11:03  Sensor Tower  
  179  11:05  Missile Turret x3  
  179  11:10  Marine x2  
  179  11:11  Marauder  
  183  11:14  Orbital Command x2  
  183  11:18  Viking x2  
  186  11:23  Viking x2  
  175  11:26  Marine x2  
  175  11:27  Marauder  
  171  11:36  Viking  
  167  11:45  Marine x3  
  167  11:46  Liberator, Marauder  
  159  11:48  Viking x2, Marine  
  159  11:49  Marauder  
  159  11:53  Viking  
  167  12:01  Cyclone, Liberator x2  
  168  12:04  Marine  
  168  12:05  Marine, Marauder  
  168  12:08  Liberator  
  174  12:11  Marine x3, Marauder x2  
  174  12:14  Marine  
  143  12:17  Marine x2  
  143  12:18  Liberator  
  143  12:20  SCV  
  143  12:22  Marine x2  
  149  12:24  Marine  
  149  12:26  SCV  
  149  12:28  Marine x2  
  149  12:29  Marine, SCV  
  161  12:37  Terran Ship Weapons Level 1  
  161  12:38  Marine, Marauder  
  161  12:39  Marine x2  
  161  12:40  Marine  
  161  12:42  Marine  
  168  12:45  Ghost  
  168  12:46  Liberator  
  168  12:48  Ghost  
  168  12:51  Liberator, Marine x2  
  174  12:56  Liberator  
  169  13:05  Ghost x2  
  172  13:06  Marine x2  
  172  13:07  Liberator, Marine x3  
  182  13:13  Supply Depot  
  182  13:17  Marine x2  
  182  13:19  Liberator  
  187  13:21  Marine, Marauder  
  187  13:22  Marauder  
  187  13:26  Marine  
  159  13:29  Marine  
  159  13:33  Marine  
  149  13:34  Marine x2, Marauder  
  149  13:35  Marauder  
  149  13:40  Marine  
  143  13:43  Marine x2, Marauder  
  139  13:49  Ghost  
  139  13:51  Liberator  
  139  13:52  Liberator x2  
  138  13:56  Marine  
  138  13:58  Marine  
  138  13:59  Marine  
  140  14:04  Marine  
  140  14:05  Marine x3  
  140  14:07  Marine x3, Marauder  
  152  14:14  Marine  
  152  14:16  Marine  
  154  14:17  Marine  
  154  14:18  Liberator, Marauder, SCV  
  154  14:19  SCV  
  159  14:24  Marine  
  159  14:25  Marine, Marauder  
  159  14:29  Marine x2  
  159  14:30  Marauder  
  159  14:31  Marine  
  167  14:32  Marine, Marauder  
  167  14:34  Marine  
  167  14:36  Marine  
  167  14:38  Supply Depot  
  176  14:40  Marauder  
  176  14:42  Marine  
  176  14:45  Marine  
  180  14:47  Marine x2  
  180  14:49  Siege Tank  
  171  15:04  Marine  
Tags
 
Add a new tag
Caveats
  • Supply blocks, unpowered buildings, or Contaminate may cause inaccurate times.
  • Supply counts are checked every 10 seconds.